Map: Ruby Rock LE

Players

Adp - Winner!

  • Race: Protoss Protoss
  • Spawn Location: 5:00

A.I. 1 (Very Hard)

  • Race: Terran Terran
  • Spawn Location: 11:00

VOD

Have the link to the VOD?

Description

Time

  • Played on: April 5, 2026, 10:33 a.m.
  • Length: 11:56
Show
View Real Time Build Order
Export as new Build Order

Adp Protoss - Winner!

Build Orders:  

Get SALT Encoding   

  12  0:00  Probe  
  13  0:12  Probe  
  14  0:19  Pylon  
  14  0:24  Probe  
  15  0:37  Probe  
  15  0:41  Gateway  
  16  0:44  Assimilator  
  16  0:45  Probe  
  17  0:53  Probe  
  18  1:03  Probe  
  18  1:10  Pylon  
  19  1:15  Probe  
  20  1:21  Assimilator  
  20  1:27  Probe  
  20  1:28  Zealot  
  23  1:36  Cybernetics Core  
  23  1:38  Probe  
  24  1:46  Probe  
  25  1:54  Probe  
  25  1:55  Pylon  
  26  2:13  Warp Gate  
  26  2:20  Nexus  
  27  2:22  Probe  
  27  2:27  Stalker  
  27  2:35  Probe  
  30  2:47  Probe  
  31  2:55  Gateway  
  31  2:59  Stalker, Probe  
  34  3:10  Gateway  
  34  3:13  Pylon  
  34  3:15  Probe  
  35  3:27  Probe  
  35  3:29  Stalker  
  38  3:37  Probe  
  38  3:39  Probe  
  40  3:41  Assimilator  
  40  3:44  Stalker  
  42  3:49  Probe  
  42  3:55  Robotics Facility  
  43  3:57  Probe  
  44  4:12  Pylon  
  44  4:18  Probe x2  
  44  4:19  Assimilator  
  44  4:21  Stalker  
  44  4:22  Stalker  
  50  4:25  Sentry  
  50  4:30  Probe  
  50  4:31  Probe  
  54  4:36  Twilight Council  
  54  4:38  Probe  
  54  4:43  Probe  
  56  4:46  Probe  
  56  4:47  Zealot  
  56  4:48  Zealot  
  61  4:53  Observer  
  61  4:56  Probe  
  63  5:07  Probe  
  63  5:08  Probe  
  63  5:11  Zealot  
  67  5:18  Shield Battery  
  67  5:19  Probe  
  67  5:20  Probe  
  67  5:21  Shield Battery  
  69  5:23  Pylon  
  69  5:24  Observer  
  69  5:25  Pylon  
  69  5:26  Pylon  
  70  5:34  Immortal  
  70  5:45  Nexus  
  74  6:01  Charge  
  74  6:08  Immortal  
  74  6:11  Forge  
  74  6:13  Forge  
  78  6:18  Gateway  
  78  6:19  Gateway  
  78  6:24  Pylon  
  78  6:36  Templar Archives  
  78  6:39  Gateway  
  78  6:43  Probe  
  78  6:44  Probe  
  80  6:48  Zealot  
  80  6:52  Protoss Ground Weapons Level 1  
  82  6:56  Probe x2, Protoss Shields Level 1  
  84  7:08  Probe x2, Immortal  
  90  7:20  Probe x2  
  92  7:28  Zealot  
  94  7:30  High Templar x2  
  94  7:31  Psionic Storm, High Templar  
  94  7:32  High Templar, Probe  
  103  7:47  Warp Prism  
  103  7:48  Probe x3  
  103  7:51  Assimilator  
  108  7:55  Assimilator  
  108  7:58  Pylon  
  108  8:00  Probe x3  
  108  8:03  Pylon  
  111  8:12  Probe x2  
  113  8:13  Probe  
  113  8:15  Pylon  
  114  8:25  Zealot  
  114  8:26  Zealot x4  
  123  8:49  Gateway  
  123  8:52  Gateway  
  123  8:53  Gateway  
  123  8:54  Protoss Ground Weapons Level 2  
  123  8:58  Protoss Shields Level 2  
  123  9:05  Zealot  
  123  9:06  Zealot x4  
  107  9:26  Zealot x4  
  107  9:27  Zealot x2  
  91  10:15  Zealot x2  
  91  10:16  Zealot x6  
  91  10:17  Zealot  
  103  10:47  Stalker x6  
  103  10:48  Stalker x3  
  119  11:09  Archon  
  113  11:33  Zealot x4  
  113  11:34  Zealot x5  
Show
View Real Time Build Order
Export as new Build Order

A.I. 1 (Very Hard) Terran 

Build Orders: Command Center First 

Get SALT Encoding   

  12  0:00  SCV  
  13  0:13  SCV  
  14  0:18  Supply Depot  
  14  0:25  SCV  
  15  0:40  SCV  
  16  0:52  SCV  
  18  1:04  SCV, Command Center  
  18  1:17  Barracks  
  18  1:18  SCV  
  19  1:46  Supply Depot  
  19  1:52  Refinery  
  19  1:54  SCV  
  20  2:05  Marine  
  20  2:07  Orbital Command  
  21  2:14  Barracks  
  21  2:16  SCV  
  22  2:23  Marine  
  22  2:24  Refinery  
  22  2:28  SCV  
  24  2:40  Supply Depot  
  24  2:41  Marine  
  24  2:42  SCV  
  26  2:50  Orbital Command  
  26  2:56  SCV  
  27  2:58  Marine  
  27  3:00  Marine  
  27  3:05  Factory  
  29  3:08  SCV  
  30  3:16  Marine  
  30  3:17  SCV  
  30  3:18  Marine  
  33  3:20  SCV  
  34  3:29  SCV  
  34  3:32  SCV  
  36  3:34  Marine  
  36  3:36  Marine  
  36  3:37  Barracks  
  36  3:41  SCV  
  39  3:44  SCV  
  40  3:50  Factory Tech Lab  
  40  3:53  SCV  
  40  3:55  Starport, Barracks Tech Lab x2  
  41  3:56  SCV  
  42  4:05  SCV  
  42  4:08  SCV  
  44  4:12  Supply Depot  
  44  4:13  Marine x2  
  44  4:15  Stimpack, Combat Shield  
  46  4:18  SCV  
  46  4:21  SCV  
  46  4:24  Marine  
  48  4:30  SCV  
  48  4:31  Marine x2  
  51  4:34  Medivac, SCV  
  51  4:36  Supply Depot  
  55  4:40  Supply Depot  
  55  4:42  Marine  
  56  4:47  SCV  
  56  4:48  Marine  
  56  4:49  SCV, Marauder  
  61  4:59  Marine  
  61  5:01  SCV  
  61  5:02  SCV  
  61  5:03  Refinery  
  61  5:04  Medivac  
  61  5:05  Refinery  
  68  5:07  Marauder  
  68  5:10  Marine  
  68  5:11  Supply Depot  
  68  5:13  SCV  
  70  5:14  SCV  
  70  5:18  Barracks Reactor  
  71  5:26  SCV, Engineering Bay  
  71  5:27  SCV  
  75  5:28  Marauder  
  75  5:29  Marauder  
  75  5:34  Supply Depot  
  77  5:36  Siege Tank  
  77  5:38  SCV  
  77  5:39  SCV  
  82  5:49  Engineering Bay  
  84  5:50  Marauder, SCV  
  84  5:55  SCV  
  84  5:56  Marauder  
  88  5:58  Supply Depot  
  88  6:02  SCV, Missile Turret, Terran Infantry Weapons Level 1  
  89  6:05  Missile Turret  
  89  6:07  SCV  
  89  6:08  Siege Tank  
  94  6:11  Marauder  
  94  6:20  Marauder, Barracks  
  94  6:22  Supply Depot  
  94  6:23  Concussive Shells  
  96  6:30  Missile Turret  
  96  6:32  Terran Infantry Armor Level 1, Marauder  
  98  6:39  Starport Reactor  
  98  6:40  Siege Tank  
  98  6:44  Marauder  
  98  6:45  Command Center  
  103  6:47  Supply Depot  
  103  6:53  Missile Turret  
  105  6:54  Marauder  
  105  7:06  Marauder  
  107  7:11  Supply Depot  
  107  7:12  Widow Mine  
  107  7:13  Missile Turret  
  109  7:26  Medivac  
  110  7:30  Barracks  
  110  7:33  Siege Tank  
  110  7:37  Supply Depot  
  113  7:50  Factory  
  113  7:52  Missile Turret  
  113  7:56  Marine  
  113  7:57  SCV x2  
  113  7:58  SCV  
  117  8:04  Refinery  
  117  8:05  Siege Tank, Missile Turret  
  117  8:07  Missile Turret  
  117  8:08  Command Center  
  117  8:09  SCV, Starport  
  117  8:10  SCV  
  117  8:11  SCV  
  117  8:12  Refinery  
  123  8:21  SCV  
  123  8:22  Hi-Sec Auto Tracking  
  123  8:24  Orbital Command, SCV  
  125  8:28  Supply Depot  
  125  8:33  SCV  
  125  8:34  Factory Tech Lab  
  126  8:36  SCV  
  126  8:37  Armory  
  126  8:38  Widow Mine  
  129  8:45  SCV  
  129  8:46  Starport Tech Lab  
  129  8:48  SCV  
  131  8:49  SCV  
  131  8:52  Widow Mine  
  131  8:53  Supply Depot  
  134  8:58  SCV  
  134  8:59  Siege Tank  
  134  9:00  SCV  
  134  9:01  SCV  
  140  9:06  Raven  
  140  9:08  Marauder  
  144  9:10  SCV  
  144  9:11  Marauder  
  144  9:12  SCV  
  144  9:13  SCV, Widow Mine  
  144  9:15  Marine  
  144  9:17  Marine  
  119  9:18  Marine  
  119  9:19  Marine  
  119  9:22  SCV  
  93  9:25  Terran Infantry Weapons Level 2  
  93  9:29  Marauder  
  93  9:30  SCV  
  91  9:32  SCV, Marine  
  91  9:33  Marine  
  91  9:34  SCV, Marine  
  91  9:35  Marine  
  91  9:37  Marine  
  95  9:42  SCV  
  92  9:50  Marine x2  
  92  9:51  Marine  
  92  9:52  Marine  
  85  9:53  Marine  
  85  9:54  SCV  
  85  9:57  SCV  
  82  10:01  SCV  
  82  10:06  SCV  
  71  10:07  Marine  
  71  10:08  Marauder x2  
  71  10:09  SCV, Marine  
  71  10:10  Marine  
  71  10:13  Marine  
  73  10:16  SCV  
  73  10:20  SCV  
  73  10:21  SCV  
  69  10:25  Marine  
  69  10:27  Marine  
  63  10:28  SCV, Marine  
  63  10:30  Marauder  
  63  10:31  Marauder, Marine  
  63  10:32  SCV  
  63  10:33  SCV  
  60  10:40  SCV  
  53  10:43  Marine  
  53  10:45  Marine  
  53  10:47  Marine  
  42  10:50  Marine  
  42  10:51  Marauder  
  42  10:54  Marine  
  42  11:01  Marine  
  5  11:37  SCV  
Tags
 
Add a new tag
Caveats
  • Supply blocks, unpowered buildings, or Contaminate may cause inaccurate times.
  • Supply counts are checked every 10 seconds.